 Dungeon Crawl Stone Soup version 0.31-a0-18-gea43df2a32 (webtiles) character file.

Game seed: 10691436551547352201

319 CowFu the Slasher (level 6, -13/47 HPs)
             Began as a Demonspawn Fighter on May 11, 2023.
             Was a Follower of Uskayaw.
             Mangled by an ogre
             ... wielding a +0 giant club
              (33 damage)
             ... on level 4 of the Dungeon.
             The game lasted 00:03:29 (3280 turns).

CowFu the Slasher (Demonspawn Fighter)              Turns: 3280, Time: 00:03:29

Health: -13/47     AC:  6    Str: 18    XL:     6   Next: 21%
Magic:  6/6        EV:  9    Int: 10    God:    Uskayaw [*.....]
Gold:   198        SH:  4    Dex: 12    Spells: 5/5 levels left

rFire   + . .        a - +0 long sword
rCold   + . .        c - +0 buckler
rNeg    . . .        b - +0 scale mail
rPois   .            (no helmet)
rElec   .            l - scarf {rC+ rF+}
rCorr   .            (no gloves)
SInv    .            (no boots)
Will    .....        (no amulet) Stlth
                     (no ring)
HPRegen 0.27/turn    (no ring)
MPRegen 0.10/turn

%: no passive effects
@: no status effects
A: hooves 2, powered by death 3
a: Renounce Religion, Stomp


You were on level 4 of the Dungeon.
You worshipped Uskayaw.
Uskayaw was noncommittal.
You visited 1 branch of the dungeon, and saw 4 of its levels.
You also visited: Sewer.

You collected 198 gold pieces.

Inventory:

Hand Weapons
 a - a +0 long sword (weapon)
Missiles
 t - a throwing net (quivered)
Armour
 b - a +0 scale mail (worn)
 c - a +0 buckler (worn)
 l - a scarf of resistance (worn)
Jewellery
 h - a ring of flight
 m - a +6 ring of intelligence
Scrolls
 d - a scroll of poison {unknown}
 f - 2 scrolls of enchant armour {unknown}
 i - a scroll of identify
 n - a scroll of fog {unknown}
 o - a scroll of amnesia {unknown}
 r - 4 scrolls of noise {unknown}
 s - a scroll of enchant weapon {unknown}
Potions
 e - a potion of brilliance {unknown}
 g - a potion of curing
 j - a potion of berserk rage {unknown}
 k - a potion of lignification {unknown}
 p - 2 potions of degeneration {unknown}
 q - a potion of might


   Skills:
 - Level 3.0 Fighting
 + Level 6.0 Long Blades
 - Level 2.6 Armour
 - Level 2.6 Shields


You had 5 spell levels left.
You didn't know any spells.
Your spell library contained the following spells:

 Spells                   Type           Power      Damage    Failure   Level
 Summon Forest            Summ/Tloc      0%         N/A       100%        5
 Eringya's Noxious Bog    Tmut/Pois      0%         N/A       100%        6
 Summon Hydra             Summ           0%         N/A       100%        7


Dungeon Overview and Level Annotations

Branches:
Dungeon (4/15)             Temple (0/1) D:4           Sewer (visited)

Altars:
Fedhas
Sif Muna
Uskayaw

Annotations:
D:4 Pikel


Innate Abilities, Weirdness & Mutations

You have hoof-like feet.
You regenerate a lot of health from kills.


Message History

You climb downwards.
Found a stone staircase leading up.
There is a stone staircase leading up here.
Found a staircase to the Ecumenical Temple.
No target in view!
As you open the door, it creaks loudly!
You hear an angry hiss.
No target in view!
There is an open door here.
You open the door. 2 lemures come into view.
The lemure shouts!
An ogre comes into view. It is wielding a +0 giant club.
The lemure moves out of view.
There is an open door here.
The ogre shouts!
You hear a shout!
Pikel, Merchant of Souls comes into view.
He is wielding a +1 whip of electrocution.
A lemure comes into view.
Pikel shouts!
A lemure comes into view.
The lemure shouts!
The lemure hits you!
You slash the lemure! Your kick misses the lemure.
The lemure is moderately wounded.
You block the lemure's attack. The lemure barely misses you.
There is an open door here.
Pikel waves his whip at you. The lemure attacks as you move away!
The lemure hits you. The lemure attacks as you move away! The lemure hits you.
There is an open door here.
The lemure attacks as you move away! The lemure hits you!
An iguana comes into view.
The iguana hisses angrily.
You hit the lemure. Your kick misses the lemure.
The lemure is lightly wounded.
The lemure hits you. The lemure hits you but does no damage.
The lemure attacks as you move away! The lemure hits you.
The ogre hits you with a +0 giant club!!
Ouch! That really hurt!
You die...

#.....#....5......#....
#...<.+...........'5...
#.....#55....K5...#....
#.....#'#######...#....
#......K......#########
#.............#
#.....l.......#
#......O<.....#
#.....@5......#
###############


You could see Pikel, an ogre, 3 lemures and an iguana.

Vanquished Creatures
  An ice beast (D:3)
  Pargi (Sewer)
  4 gnolls (D:2)
  A river rat (D:3)
  2 adders
  A worm (D:2)
  2 dart slugs
  4 endoplasms
  5 giant cockroaches
  3 goblins
  4 hobgoblins
  4 jackals (D:1)
  10 kobolds
  A quokka (D:1)
  7 ball pythons
  9 bats
  3 frilled lizards
  6 rats
68 creatures vanquished.

Notes
Turn   | Place    | Note
-------+----------+-------------------------------------------
     0 | D:1      | CowFu the Demonspawn Fighter began the quest for the Orb.
     0 | D:1      | Reached XP level 1. HP: 18/18 MP: 1/1
    49 | D:1      | Reached skill level 2 in Long Blades
   106 | D:1      | Gained mutation: You have large cloven feet. [demonic
                  | ancestry]
   106 | D:1      | Reached XP level 2. HP: 24/24 MP: 2/2
   772 | D:1      | Reached skill level 3 in Long Blades
  1169 | D:2      | Gained mutation: You regenerate a little health from kills.
                  | [demonic ancestry]
  1169 | D:2      | Reached XP level 3. HP: 29/29 MP: 3/3
  1539 | D:2      | Found a faded altar of an unknown god.
  1559 | D:2      | Prayed at the altar of an unknown god.
  1559 | D:2      | Became a worshipper of Uskayaw the Reveller
  1559 | D:2      | Reached * piety under Uskayaw
  1841 | D:2      | Reached ** piety under Uskayaw
  1880 | D:3      | Gained mutation: You regenerate health from kills. [demonic
                  | ancestry]
  1880 | D:3      | Reached XP level 4. HP: 20/35 MP: 4/4
  1919 | D:3      | Reached skill level 4 in Long Blades
  1922 | D:3      | Found a shimmering blue altar of Sif Muna.
  1994 | D:3      | Found a glowing drain.
  2017 | D:3      | Reached *** piety under Uskayaw
  2031 | Sewer    | Entered a sewer
  2131 | Sewer    | Noticed Pargi
  2144 | Sewer    | Killed Pargi
  2145 | Sewer    | Reached skill level 5 in Long Blades
  2145 | Sewer    | Gained mutation: You regenerate a lot of health from kills.
                  | [demonic ancestry]
  2145 | Sewer    | Reached XP level 5. HP: 14/41 MP: 5/5
  2616 | D:3      | Found a blossoming altar of Fedhas.
  2764 | D:3      | Noticed an ice beast
  2773 | D:3      | Killed an ice beast
  2774 | D:3      | Gained mutation: You have hoof-like feet. [demonic
                  | ancestry]
  2774 | D:3      | Reached XP level 6. HP: 31/47 MP: 6/6
  3007 | D:2      | Reached skill level 6 in Long Blades
  3239 | D:4      | Found a staircase to the Ecumenical Temple.
  3255 | D:4      | Noticed Pikel
  3280 | D:4      | Mangled by an ogre

Illustrated notes

Levels and vault maps discovered:
D:1:      zaba_arrival_water, layout_loops_corners
D:2:      minmay_angry_zag, layout_basic, nicolae_ecumenical_pavilion
D:3:      layout_loops_ring, nicolae_overflow_squiral, portal_sewer_entry_b
D:4:      layout_gridville, xom_teletrap_fun, minmay_temple_entry_purple_smoke,
          uniq_pikel

Skill      XL: |  1  2  3  4  5  6 |
---------------+-------------------+-----
Long Blades    | 2 3 5 6 |  6.0
Fighting       | |  3.0
Armour         | |  2.6
Shields        | |  2.6

Action                     |  1- 3 |  4- 6 || total
---------------------------+-------+-------++-------
  Melee: Long sword        |   113 |    80 ||   193
         Kick              |    17 |    19 ||    36
    Use: Scroll            |     4 |     1 ||     5
         Potion            |       |     1 ||     1
   Stab: Paralysed         |       |     2 ||     2
 Armour: Scale mail        |    64 |    30 ||    94
  Dodge: Dodged            |    68 |    49 ||   117
  Block: Buckler           |    25 |    24 ||    49

Table legend: (Time is in decaauts)
 A = Elapsed time spent in this place.
 B = Non-inter-level travel time spent in this place.
 C = Inter-level travel time spent in this place.
 D = Time resting spent in this place.
 E = Time spent auto-exploring this place.
 F = Levels seen in this place.
 G = Mean time per level.
                   A        B        C        D        E       F      G
               +--------+--------+--------+--------+--------+-----+--------+
         Total |   3337 |   3198 |    139 |      0 |   2507 |   5 |  667.4 |
       Dungeon |   3066 |   2927 |    139 |      0 |   2304 |   4 |  766.5 |
         Sewer |    270 |    270 |      0 |      0 |    203 |   1 |  270.0 |
               +--------+--------+--------+--------+--------+-----+--------+

Top non-repeatable levels by time:
     D:1: 1063 daAuts
     D:2: 1034 daAuts
     D:3: 925 daAuts
   Sewer: 270 daAuts
     D:4: 43 daAuts
